 Dungeon Crawl Stone Soup version 0.25-a0-665-ga69d64035b (webtiles) character file.

Game seed: 15452569169788941782, levelgen mode: deterministic

1299 kae the Destroyer (level 8, -5/41 HPs)
             Began as a Tengu Fire Elementalist on Mar 26, 2020.
             Hit by a stone thrown by an orc warrior (14 damage)
             ... on level 6 of the Dungeon.
             The game lasted 00:09:41 (7559 turns).

kae the Destroyer (Tengu Fire Elementalist)         Turns: 7559, Time: 00:09:42

Health: -5/41      AC:  5    Str:  9    XL:     8   Next: 57%
Magic:  7/16       EV: 15    Int: 19    God:
Gold:   340        SH:  0    Dex: 15    Spells: 6/17 levels left

rFire    + + .     SeeInvis +   s - staff of conjuration
rCold    + . .     Gourm    .   (no shield)
rNeg     . . .     Faith    .   a - +0 robe
rPois    .         Spirit   .   h - +3 crown of Dyrovepreva {rElec Int+2 SInv}
rElec    +         Reflect  .   f - scarf {rC+ rF+}
rCorr    .         Harm     .   (no gloves)
MR       .....                  (boots unavailable)
Stlth    ++........             (no amulet)
HPRegen  0.13/turn              (no ring)
MPRegen  0.15/turn              (no ring)

@: flying quickly and evasively, very slightly contaminated, quick
A: beak, claws 1, horns 1, talons 3, fire resistance 1, able to fly
a: Stop Flying


You were on level 6 of the Dungeon.
You were hungry.

You visited 2 branches of the dungeon, and saw 7 of its levels.
You also visited: Sewer.

You collected 340 gold pieces.

Inventory:

Hand Weapons
 e - a +1 spear
Armour
 a - a +0 robe (worn)
 f - a scarf of resistance (worn)
 h - the +3 crown of Dyrovepreva (worn) {rElec Int+2 SInv}
   (You found it on level 4 of the Dungeon)

   It affects your intelligence (+2).
   It insulates you from electricity.
   It lets you see invisible.
Magical Staves
 s - an uncursed staff of conjuration (weapon)
Jewellery
 m - a +3 ring of strength {unknown}
 w - a cursed ring of attention {unknown}
Wands
 d - a wand of iceblast (13)
 j - a wand of polymorph (9)
 u - a wand of acid (10)
Scrolls
 b - 3 scrolls of remove curse
 i - a scroll of magic mapping
 k - a scroll of teleportation
 l - a scroll of amnesia
 v - a scroll of enchant weapon
 x - a scroll of brand weapon {unknown}
Potions
 g - 2 potions of cancellation {unknown}
 n - 2 potions of brilliance
 o - 2 potions of stabbing
 p - a potion of heal wounds
 q - 6 potions of curing {unknown}
 r - 4 potions of might
 t - 2 potions of resistance
Comestibles
 c - 13 rations


   Skills:
 - Level 2.1 Dodging
 - Level 2.0 Stealth
 + Level 5.0 Spellcasting
 * Level 9.4 Conjurations
 + Level 6.4 Fire Magic


You had 6 spell levels left.
You knew the following spells:

 Your Spells              Type           Power        Failure   Level  Hunger
a - Foxfire               Conj/Fire      ####         1%          1    None
b - Conjure Flame         Conj/Fire      ######..     1%          3    ##.....
c - Inner Flame           Hex/Fire       ###.....     10%         3    ##.....
d - Sticky Flame          Conj/Fire      ######..     4%          4    ####...

Your spell library contained the following spells:

 Spells                   Type           Power        Failure   Level  Hunger
 Stone Arrow              Conj/Erth      ####..       5%          3    ##.....
 Sandblast                Erth           #.....       12%         1    None
 Fireball                 Conj/Fire      ######....   13%         5    ######.
 Passwall                 Tmut/Erth      #.......     19%         2    #......
 Petrify                  Tmut/Erth      #.......     77%         4    ####...
 Lee's Rapid Deconstruct  Erth           #.........   98%         5    ######.


Dungeon Overview and Level Annotations

Branches:
Dungeon (6/15)             Temple (1/1) D:4           Sewer (visited)

Altars:
Ashenzari
Cheibriados
Dithmenos
Elyvilon
Fedhas
Gozag
Hepliaklqana
Kikubaaqudgha
Makhleb
Nemelex Xobeh
Okawaru
Qazlal
Ru
Sif Muna
Trog
Uskayaw
Wu Jian
Xom
Yredelemnul
Zin
The Shining One


Innate Abilities, Weirdness & Mutations

You have a beak for a mouth.
You have claws for feet.
You can fly continuously.
You have sharp fingernails.
You have a pair of small horns on your head.
Your flesh is heat resistant. (rF+)


Message History

The orc warrior is moderately wounded.
The orc warrior is covered in liquid flames!
The orc warrior burns!
The orc warrior hits you with a +0 dire flail!!
* * * LOW HITPOINT WARNING * * *
The orc warrior burns!
Things that are here:
a +0 trident; a +0 ring mail; a +0 club The orc warrior burns!
The orc warrior stops burning.
The orc warrior throws a stone.
The stone hits you but does no damage.
There is an open door here.
Casting: Sticky Flame (safe; 4% risk of failure)
Confirm with . or Enter, or press ? or * to list all spells.
You feel a surge of power!
You conjure some foxfire!
The foxfire hits the orc warrior.
The orc warrior is almost dead.
The foxfire hits the orc warrior but does no damage.
The orc warrior is almost dead.
The orc warrior throws a stone.
The stone hits you!
You die...

.......#......# .......#......#
.......#......# .......'......#
.......####...#######+#.
.........o######........########
........o.#............#.........
..........#............#.....<...
........).#.....@§.....#.........
.[........######.§§....#.........
########......)#'#######.........
#......[)oo...............
#........)................
#...............(.........
#.......).................
######'#..)...............
...#..................


You could see an orc warrior and an orc.

Vanquished Creatures
  Pikel (D:5)
  A slave (D:5)
  An ogre (D:4)
  A scorpion (D:6)
  2 bullfrog zombies (D:6)
  2 hounds (D:4)
  2 orc priests (D:6)
  An orc wizard (D:6)
  An iguana (D:4)
  5 worker ants
  9 river rats
  5 adders
  7 gnolls
  A shadow imp (D:5)
  3 oozes
  3 adder skeletons
  2 worms
  A dart slug (D:2)
  9 leopard geckos
  11 orcs
  8 ball pythons
  7 giant cockroaches
  5 goblins
  2 hobgoblins
  4 jackals (D:6)
  22 kobolds
  A quokka (D:4)
  6 bats
  5 frilled lizards
  A leopard gecko zombie (D:5)
  27 rats
156 creatures vanquished.

Vanquished Creatures (others)
  A leopard gecko (D:4)
  A giant cockroach (D:4)
  403 foxfires
405 creatures vanquished.

Grand Total: 561 creatures vanquished

Notes
Turn   | Place    | Note
-------+----------+-------------------------------------------
     0 | D:1      | kae the Tengu Fire Elementalist began the quest for the
                  | Orb.
     0 | D:1      | Reached XP level 1. HP: 10/10 MP: 4/4
   100 | D:1      | Reached skill level 2 in Conjurations
   278 | D:1      | Reached XP level 2. HP: 15/15 MP: 3/6
   765 | D:1      | Reached XP level 3. HP: 19/19 MP: 7/7
   992 | D:2      | Reached skill level 3 in Conjurations
  1502 | D:2      | Reached XP level 4. HP: 12/24 MP: 1/8
  1751 | D:2      | Gained mutation: You have a pair of small horns on your
                  | head. [potion of mutation]
  1751 | D:2      | Gained mutation: You are covered in fur. (AC +1) [potion of
                  | mutation]
  1751 | D:2      | Gained mutation: Your magical capacity is low. (-10% MP)
                  | [potion of mutation]
  1751 | D:2      | Gained mutation: You have sharp fingernails. [potion of
                  | mutation]
  1769 | D:2      | Reached skill level 4 in Conjurations
  1997 | D:3      | Lost mutation: Your magical capacity is low. (-10% MP)
                  | [potion of mutation]
  1997 | D:3      | Lost mutation: You have a pair of small horns on your head.
                  | [potion of mutation]
  1997 | D:3      | Lost mutation: You are covered in fur. (AC +1) [potion of
                  | mutation]
  1997 | D:3      | Gained mutation: You have a pair of small horns on your
                  | head. [potion of mutation]
  1997 | D:3      | Gained mutation: Your flesh is heat resistant. (rF+)
                  | [potion of mutation]
  2133 | D:3      | Gained mutation: You can fly continuously. [Tengu growth]
  2133 | D:3      | Reached XP level 5. HP: 25/28 MP: 6/10
  2403 | D:3      | Found a faded altar of an unknown god.
  2468 | D:4      | Found the +3 crown of Dyrovepreva {rElec Int+2 SInv}
  2912 | D:4      | Reached skill level 5 in Conjurations
  2985 | D:4      | Learned a level 3 spell: Conjure Flame
  2989 | D:4      | Learned a level 3 spell: Inner Flame
  3022 | D:4      | Reached XP level 6. HP: 16/32 MP: 2/11
  3737 | D:4      | Reached skill level 6 in Conjurations
  4148 | D:4      | Found a staircase to the Ecumenical Temple.
  4159 | Temple   | Entered the Ecumenical Temple
  4512 | D:5      | Entered Level 5 of the Dungeon
  4579 | D:5      | Reached skill level 5 in Fire Magic
  4898 | D:5      | Found a glowing drain.
  4915 | Sewer    | Entered a sewer
  5046 | Sewer    | Reached XP level 7. HP: 36/36 MP: 11/13
  5209 | Sewer    | Learned a level 4 spell: Sticky Flame
  5646 | D:5      | Identified a scroll of acquirement
  5646 | D:5      | Identified the +6 double sword "Kaugik" {drain, Str+4
                  | Dex+4} (You acquired it on level 5 of the Dungeon)
  5748 | D:5      | Reached skill level 7 in Conjurations
  5783 | D:5      | Noticed Pikel
  6304 | D:5      | Killed Pikel
  6304 | D:5      | Reached skill level 8 in Conjurations
  6304 | D:5      | Reached XP level 8. HP: 25/41 MP: 2/15
  6525 | D:5      | Found a white marble altar of Elyvilon.
  6525 | D:5      | Found a sparkling altar of Nemelex Xobeh.
  6530 | D:5      | Found a faded altar of an unknown god.
  6532 | D:5      | Found a shadowy altar of Dithmenos.
  6533 | D:5      | Found a faded altar of an unknown god.
  6779 | D:6      | Reached skill level 9 in Conjurations
  7385 | D:6      | Reached skill level 5 in Spellcasting
  7559 | D:6      | Hit by a stone thrown by an orc warrior

Levels and vault maps discovered:
D:1:      scummos_arrival_star, layout_loops_ring, nrook_loot_triangle
D:2:      layout_basic
D:3:      layout_rooms, chequers_ecumenical_altar_grove, first_ration
D:4:      layout_loops_ring, lemuel_temple_firewalk_b, minmay_close_crescents
D:5:      layout_loops_ring, chequers_temple_overflow_minitemple,
          portal_sewer_entry_b, uniq_pikel
D:6:      layout_gridville, serial_shops, shop
Temple:   dpeg_five_rooms_temple

Skill      XL: |  1  2  3  4  5  6  7  8 |
---------------+-------------------------+-----
Conjurations   | 2 3 4 5 6 8 9 |  9.4
Fire Magic     | 4 5 6 |  6.4
Spellcasting   | 3 4 5 |  5.0
Dodging        | |  2.1
Stealth        | |  2.0

Action                   |  1- 3 |  4- 6 |  7- 9 || total
-------------------------+-------+-------+-------++-------
Melee: Unarmed           |    12 |       |       ||    12
       Kick              |     6 |     8 |     7 ||    21
       Spear             |    27 |    29 |     4 ||    60
       Peck              |     1 |     4 |     5 ||    10
       Headbutt          |       |     1 |     4 ||     5
       Staff             |       |       |    22 ||    22
 Cast: Foxfire           |    58 |    89 |   113 ||   260
       Conjure Flame     |       |     4 |     3 ||     7
       Sticky Flame      |       |       |     6 ||     6
 Abil: Evoke Flight      |       |     2 |       ||     2
       Fly               |       |     1 |       ||     1
  Use: Scroll            |     1 |     4 |     8 ||    13
       Potion            |       |     4 |       ||     4
 Stab: Sleeping          |     1 |     1 |       ||     2
  Eat: Chunk             |     2 |    11 |     6 ||    19
       Ration            |       |       |     1 ||     1
Armor: Robe              |    21 |    13 |    14 ||    48
Dodge: Dodged            |    45 |    86 |    53 ||   184

Table legend:
 A = Non-vault XP
 B = Vault XP
 C = Vault XP percentage of total XP
 D = Non-vault monster count
 E = Vault monster count
 F = Vault count percentage of total count
                 A         B        C        D         E       F
            +---------+---------+-------+---------+---------+-------
      Total |     900 |     957 |  51.5 |      95 |      60 |  38.7
            +---------+---------+-------+---------+---------+-------
        D:1 |      36 |       0 |   0.0 |      22 |       0 |   0.0
        D:2 |     110 |       0 |   0.0 |      22 |       0 |   0.0
        D:3 |      27 |       0 |   0.0 |       6 |       0 |   0.0
        D:4 |     269 |     132 |  32.9 |      14 |       3 |  17.6
        D:5 |      67 |     676 |  91.0 |      10 |       9 |  47.4
        D:6 |     391 |       0 |   0.0 |      21 |       0 |   0.0
      Sewer |       0 |     149 | 100.0 |       0 |      48 | 100.0
            +---------+---------+-------+---------+---------+-------
